 Dungeon Crawl Stone Soup version 0.27.1 (webtiles) character file.

Game seed: 3390149290007506128

4 nxtlvl the Skirmisher (level 1, 0/22 (24) HPs)
             Began as an Ogre Delver on Aug 30, 2021.
             Slain by a necrophage (1 damage)
             ... on level 4 of the Dungeon.
             The game lasted 00:02:21 (234 turns).

nxtlvl the Skirmisher (Ogre Delver)                  Turns: 234, Time: 00:02:21

HP:   0/22 (24)     AC:  3    Str: 15    XL:     1   Next: 60%
MP:   1/1           EV:  9    Int: 11    God:
Gold: 46            SH:  0    Dex: 10    Spells: 0/0 levels left

rFire    . . .     SeeInvis .   a - +0 mace
rCold    . . .     Faith    .   (no shield)
rNeg     . . .     Spirit   .   b - +0 robe
rPois    .         Reflect  .   (helmet restricted)
rElec    .         Harm     .   (no cloak)
rCorr    .         Rampage  .   (gloves unavailable)
Will     .....                  (boots unavailable)
Stlth    ++........             (no amulet)
HPRegen  0.07/turn              (no ring)
MPRegen  0.07/turn              (no ring)

@: hasted, drained, very quick
A: large, unfitting armour, tough skin 1
a: no special abilities


You were on level 4 of the Dungeon.
You visited 1 branch of the dungeon, and saw 3 of its levels.

You collected 46 gold pieces.

Inventory:

Hand Weapons
 a - a +0 mace (weapon)
Armour
 b - a +0 robe (worn)
Wands
 g - a wand of digging (3)
Scrolls
 c - a scroll of fog
 e - a scroll of fear
 h - a scroll of identify {unknown}
Potions
 d - a potion of attraction {unknown}


   Skills:
 - Level 4.0 Fighting
 * Level 2.1 Maces & Flails
 - Level 1.7 Dodging
 - Level 3.7 Stealth


You couldn't memorise any spells.
You didn't know any spells.
Your spell library was empty.

Dungeon Overview and Level Annotations

Branches:
Dungeon (6/15)
 Temple: D:4-7

Altars:
Ashenzari
Hepliaklqana
Wu Jian

Shops:
D:4 =


Innate Abilities, Weirdness & Mutations

You are too large for most types of armour.
You have tough skin. (AC +1)


Message History

Found a leather armour.
You now have 46 gold pieces (gained 11).
Okay, then.
A necrophage comes into view.
You see here a +0 leather armour.
You feel yourself speed up.
You hit the necrophage.
The necrophage is lightly damaged.
The necrophage hits you.
You hit the necrophage.
The necrophage is moderately damaged.
The necrophage barely misses you.
You hit the necrophage.
The necrophage is moderately damaged.
The necrophage barely misses you.
You closely miss the necrophage.
The necrophage is moderately damaged.
An adder comes into view.
The necrophage barely misses you.
You barely miss the necrophage.
The necrophage is moderately damaged.
The necrophage hits you but does no damage.
You barely miss the necrophage.
The necrophage is moderately damaged.
The necrophage hits you!
You feel drained.
You barely miss the necrophage.
The necrophage is moderately damaged.
You hit the necrophage.
The necrophage is heavily damaged.
The necrophage hits you.
You hit the necrophage.
The necrophage is severely damaged.
The necrophage hits you.
* * * LOW HITPOINT WARNING * * *
You hit the necrophage.
The necrophage is almost destroyed.
The necrophage hits you.
* * * LOW HITPOINT WARNING * * *
You feel drained.
You die...

.........# ........##
##.# .# ........# #...#
.## ........#
##....###.. ........#
#......... .########
#.......# ## #.......##
# #..nS...## ##
#..@....# .## #.......#
..## ###.......## ...##
######..........# ....#
#...............#
...####..............##
...###........#........#
..###..........##.......
.....#.....^....###.....


You could see a necrophage and an adder.

Vanquished Creatures
  An endoplasm (D:4)
  2 quokkas (D:4)
3 creatures vanquished.

Notes
Turn   | Place    | Note
-------+----------+-------------------------------------------
     0 | D:5      | nxtlvl the Ogre Delver began the quest for the Orb.
     0 | D:5      | Reached XP level 1. HP: 24/24 MP: 1/1
    25 | D:4      | Found Unwu's Jewellery Emporium.
   118 | D:6      | Found a faded altar of an unknown god.
   118 | D:6      | Found a hazy altar of Hepliaklqana.
   123 | D:6      | Found an ornate altar of the Wu Jian Council.
   125 | D:6      | Found a faded altar of an unknown god.
   126 | D:6      | Found a broken altar of Ashenzari.
   221 | D:4      | Noticed a necrophage
   234 | D:4      | HP: 1/23 [necrophage (5)]
   234 | D:4      | Slain by a necrophage

Illustrated notes

Levels and vault maps discovered:
D:4:      layout_cave_pods, mainiacjoe_overflow_six_doors_small, serial_shops,
          nicolae_shop_waterfront, uniq_pikel
D:5:      layout_loops_ring, mainiacjoe_overflow_tiny_flanked, serial_shops,
          nicolae_shop_trees, nrook_loot_triangle, kennysheep_generic_room_11
D:6:      layout_cave_pools, chequers_temple_overflow_minitemple, serial_park,
          serial_park_square2, serial_park_tiny_1, serial_park_tiny_pond,
          serial_park_square2

Skill      XL: |  1 |
---------------+----+-----
Maces & Flails | 2 |  2.1
Fighting       | |  4.0
Dodging        | |  1.7
Stealth        | |  3.7

Action                   || total
-------------------------++-------
Melee: Mace              ||    18
  Use: Scroll            ||     1
       Potion            ||     1
 Stab: Sleeping          ||     1
Armor: Robe              ||     3
Dodge: Dodged            ||     8
